 Dungeon Sprint DCSS version 0.28-a0-533-g9f97627e2a (webtiles) character file.

Game seed: 238398693403888569

1694 Conn the Arsonist (level 9, -2/56 HPs)
             Began as an Octopode Fire Elementalist on Sept 26, 2021.
             Was a Follower of Sif Muna.
             Slain by a water moccasin (7 damage)
             ... in the Dungeon (Sprint II: "The Violet Keep of Menkaure").
             The game lasted 00:05:51 (563 turns).

Conn the Arsonist (Octopode Fire Elementalist)       Turns: 563, Time: 00:05:51

Health: -2/56      AC:  1    Str:  7    XL:     9   Next: 2%
Magic:  13/21      EV: 16    Int: 20    God:    Sif Muna [*.....]
Gold:   486        SH:  0    Dex: 13    Spells: 14/25 levels left

rFire   . . .      SeeInvis .     - Unarmed
rCold   . . .      Faith    .   (no shield)
rNeg    . . .      Spirit   .   (helmet restricted)
rPois   .          Reflect  .   (no amulet)
rElec   .          Harm     .   (no ring)
rCorr   .          Rampage  .   (no ring)
Will    .....      NoTele   +   (no ring)
Stlth   +++++.....              (no ring)
HPRegen 0.18/turn               (no ring)
MPRegen 0.17/turn               (no ring)
                                (no ring)
                                (no ring)

@: no status effects
A: almost no armour, amphibious, 8 rings, camouflage 1, gelatinous body 1,
(nimble swimmer 1), tentacles
a: Renounce Religion, Channel Magic


You were in the Dungeon.
You worshipped Sif Muna.
Sif Muna was aware of your devotion.
You visited 1 branch You collected 486 gold pieces.

Inventory:

Scrolls
 f - a scroll of blinking
Potions
 d - a potion of magic


   Skills:
 + Level 3.1 Fighting
 + Level 7.4 Dodging
 + Level 7.8 Stealth
 - Level 2.0 Unarmed Combat
 + Level 8.6 Spellcasting
 + Level 3.5 Conjurations
 + Level 2.6 Hexes
 + Level 14.0 Fire Magic


You had 14 spell levels left.
You knew the following spells:

 Your Spells              Type           Power      Damage    Failure   Level
a - Foxfire               Conj/Fire      100%       2x1d9     1%          1
b - Conjure Flame         Conj/Fire      43%        6-21      1%          3
c - Inner Flame           Hex/Fire       41%        N/A       1%          3
d - Flame Wave            Conj/Fire      43%        3d9       2%          4

Your spell library contained the following spells:

 Spells                   Type           Power      Damage    Failure   Level
 Scorch                   Fire           100%       2d10      1%          2


Dungeon Overview and Level Annotations

Branches:
Dungeon (1/1)

Altars:
Cheibriados
Dithmenos
Elyvilon
Fedhas
Gozag
Hepliaklqana
Kikubaaqudgha
Makhleb
Nemelex Xobeh
Okawaru
Qazlal
Ru
Sif Muna
Trog
Uskayaw
Vehumet
Wu Jian
Xom
Yredelemnul
Zin
The Shining One
Beogh
Jiyva
Lugonu


Innate Abilities, Weirdness & Mutations

You cannot wear most types of armour.
You are amphibious.
You can wear up to eight rings at the same time.
Your skin changes colour to match your surroundings (Stealth+).
Your rubbery body absorbs attacks. (AC +1, EV +1)
((You are camouflaged near water. (Stealth+)))
You have tentacles for arms and can constrict up to eight enemies at once.


Message History

You start resting.
Your foxfire dissipates! x2
You start resting.
A water moccasin is nearby!
Casting: Foxfire (safe; 1% risk of failure)
Confirm with . or Enter, or press ? or * to list all spells.
Aiming: Inner Flame (safe; 1% risk of failure)
Press: ? - help, Shift-Dir - straight line, f - water moccasin
Aim: a water moccasin (lightly wounded, wandering, hasn't noticed you, chance to affect: 90%)
The water moccasin hisses angrily.
The water moccasin is filled with an inner flame.
Unknown command.
Casting: Inner Flame (safe; 1% risk of failure)
Confirm with . or Enter, or press ? or * to list all spells.
You conjure some foxfire!
Unknown command.
Casting: Foxfire (safe; 1% risk of failure)
Confirm with . or Enter, or press ? or * to list all spells.
You conjure some foxfire!
The foxfire hits the water moccasin.
Flame seeps out of the water moccasin.
The water moccasin is lightly wounded.
The water moccasin is engulfed in blazing flames.
Flame seeps out of the water moccasin.
The foxfire hits the water moccasin.
Flame seeps out of the water moccasin.
The water moccasin is heavily wounded.
The water moccasin is engulfed in blazing flames.
Flame seeps out of the water moccasin.
The foxfire hits the water moccasin.
Flame seeps out of the water moccasin.
The water moccasin is almost dead.
Okay, then.
Casting: Foxfire (safe; 1% risk of failure)
Confirm with . or Enter, or press ? or * to list all spells.
Okay, then.
Unknown command.
Unknown command.
The water moccasin barely misses you. x2
Casting: Foxfire (safe; 1% risk of failure)
Confirm with . or Enter, or press ? or * to list all spells.
You conjure some foxfire!
The water moccasin bites you!
You die...

# ##......≈≈≈≈≈≈≈≈≈≈≈≈≈
.####§≈....§≈#'########+###
#.#≈≈≈§≈≈≈.§≈#_._._...#§§≈#
.##≈≈§≈≈≈≈≈.≈#._._._._#§≈≈≈
##≈≈≈≈≈≈≈≈≈§≈#_._._._.#§§≈≈
≈≈≈≈≈≈≈§§§≈≈§#._☼_._._#S§§
+++#≈§≈≈≈≈§≈§#○†_._._.#§§≈§
§ ##≈§≈###§§#..v_._._#§≈§≈
≈ ##≈§# #≈≈#.S@._._.#§≈≈≈
;; ≈≈# #≈≈#..v.._..#§≈≈§ ≈§
≈≈≈≈≈≈≈##########≈≈≈≈ ≈;;
#######≈≈≈≈≈≈≈§≈≈≈≈≈
.§zz###≈########≈▓▓▓
≈≈zzz##≈# ≈§zzzz+≈#
≈°.zz#### ≈.≈§#


You could see 2 water moccasins and 11 flying skulls.

Vanquished Creatures
  A yaktaur (D)
  3 polar bears (D)
  A hornet (D)
  2 wyverns (D)
  4 necrophages (D)
11 creatures vanquished.

Vanquished Creatures (others)
  23 foxfires (D)
23 creatures vanquished.

Grand Total: 34 creatures vanquished

Notes
Turn   | Place    | Note
-------+----------+-------------------------------------------
     0 | D        | Conn the Octopode Fire Elementalist began the quest for the
                  | Orb.
     0 | D        | Reached XP level 1. HP: 11/11 MP: 3/3
     1 | D        | Noticed a necrophage
     1 | D        | Noticed a necrophage
     1 | D        | Noticed a necrophage
     1 | D        | Noticed a necrophage
     7 | D        | Killed a necrophage
     8 | D        | Reached skill level 1 in Unarmed Combat
     8 | D        | Reached skill level 6 in Fire Magic
     8 | D        | Reached XP level 2. HP: 17/17 MP: 3/6
     8 | D        | Reached XP level 3. HP: 21/21 MP: 4/8
     8 | D        | Reached XP level 4. HP: 27/27 MP: 4/9
    14 | D        | Killed a necrophage
    15 | D        | Reached skill level 5 in Stealth
    15 | D        | Reached skill level 8 in Fire Magic
    15 | D        | Reached XP level 5. HP: 31/31 MP: 4/11
    24 | D        | Killed a necrophage
    25 | D        | Reached skill level 5 in Spellcasting
    25 | D        | Reached skill level 9 in Fire Magic
    25 | D        | Reached XP level 6. HP: 12/37 MP: 5/13
    34 | D        | Killed a necrophage
    35 | D        | Reached skill level 1 in Fighting
    35 | D        | Reached skill level 5 in Dodging
    35 | D        | Reached skill level 10 in Fire Magic
   178 | D        | Noticed a boulder beetle
   178 | D        | Noticed a boulder beetle
   181 | D        | Noticed a wyvern
   181 | D        | Noticed a wyvern
   187 | D        | Learned a level 3 spell: Conjure Flame
   191 | D        | Learned a level 3 spell: Inner Flame
   196 | D        | Learned a level 4 spell: Flame Wave
   201 | D        | Killed a wyvern
   202 | D        | Reached skill level 11 in Fire Magic
   202 | D        | Reached XP level 7. HP: 43/43 MP: 9/16
   211 | D        | Killed a wyvern
   212 | D        | Reached skill level 1 in Hexes
   505 | D        | Found an iron altar of Okawaru.
   505 | D        | Found an opulent altar of Gozag.
   506 | D        | Found a sparkling altar of Nemelex Xobeh.
   506 | D        | Found a blossoming altar of Fedhas.
   507 | D        | Found a radiant altar of Vehumet.
   507 | D        | Found a burning altar of Makhleb.
   507 | D        | Found a white marble altar of Elyvilon.
   508 | D        | Found a hide-covered altar of Uskayaw.
   508 | D        | Found a corrupted altar of Lugonu.
   508 | D        | Found a shadowy altar of Dithmenos.
   509 | D        | Found a glowing silver altar of Zin.
   509 | D        | Found a bloodstained altar of Trog.
   509 | D        | Found an ancient bone altar of Kikubaaqudgha.
   510 | D        | Found a basalt altar of Yredelemnul.
   510 | D        | Found a shimmering blue altar of Sif Muna.
   510 | D        | Found a viscous altar of Jiyva.
   511 | D        | Found a shimmering altar of Xom.
   511 | D        | Found a sacrificial altar of Ru.
   513 | D        | Found a glowing golden altar of the Shining One.
   513 | D        | Found an ornate altar of the Wu Jian Council.
   513 | D        | Found a stormy altar of Qazlal.
   513 | D        | Found a snail-covered altar of Cheibriados.
   513 | D        | Found a hazy altar of Hepliaklqana.
   513 | D        | Noticed a hornet
   513 | D        | Noticed a polar bear
   514 | D        | Noticed a yaktaur
   520 | D        | Became a worshipper of Sif Muna the Loreminder
   527 | D        | Noticed a polar bear
   528 | D        | Noticed a polar bear
   537 | D        | Noticed a flying skull
   537 | D        | Noticed a flying skull
   538 | D        | Noticed a flying skull
   538 | D        | Noticed a flying skull
   538 | D        | Killed a polar bear
   538 | D        | Killed a hornet
   539 | D        | Reached skill level 12 in Fire Magic
   539 | D        | Reached XP level 8. HP: 47/51 MP: 5/19
   539 | D        | Noticed a flying skull
   539 | D        | Noticed a flying skull
   539 | D        | Killed a polar bear
   539 | D        | Reached * piety under Sif Muna
   540 | D        | Reached skill level 13 in Fire Magic
   540 | D        | Killed a polar bear
   541 | D        | Noticed a flying skull
   541 | D        | Noticed a flying skull
   542 | D        | Noticed a flying skull
   543 | D        | Noticed a flying skull
   544 | D        | HP: 1/51 [yaktaur/bolt (24)]
   548 | D        | Killed a yaktaur
   549 | D        | Reached skill level 14 in Fire Magic
   549 | D        | Reached XP level 9. HP: 2/56 MP: 17/21
   563 | D        | Slain by a water moccasin

Illustrated notes

Levels and vault maps discovered:
D:        the_violet_keep_of_menkaure [sprint2_stairs_cluster_1,
          sprint2_shoproom, sprint2_temple, sprint2_basic_supplies,
          sprint2_obstacle_7, sprint2_obstacle_1, sprint2_obstacle_5,
          sprint2_obstacle_6, sprint2_obstacle_2, sprint2_timed_cluster_1,
          sprint2_smallroom_cluster_1, sprint2_smallroom_final_cluster_1,
          sprint2_transparent_cluster_1, sprint2_second_timed_cluster_1,
          sprint2_sniper_area_1, sprint2_heavy_combat_area_1,
          sprint2_mutation_trap_area_1, sprint2_forest_area_1,
          sprint2_light_combat_area_1, sprint2_behind_water_1,
          sprint2_near_end_vault_1]

Skill      XL: |  1  2  3  4  5  6  7  8 |
---------------+-------------------------+-----
Dodging        | 3 4 5 6 7 |  7.4
Stealth        | 4 5 6 7 |  7.8
Unarmed Combat | 1 2 |  2.0
Spellcasting   | 3 4 5 6 7 8 |  8.6
Fire Magic     | 6 8 9 11 12 14 | 14.0
Fighting       | 1 2 3 |  3.1
Conjurations   | 2 3 |  3.5
Hexes          | 1 2 |  2.6

Action                   |  1- 3 |  4- 6 |  7- 9 || total
-------------------------+-------+-------+-------++-------
Melee: Unarmed           |     4 |    26 |       ||    30
       Tentacles         |     2 |     3 |       ||     5
       Constrict         |     1 |     3 |       ||     4
 Cast: Foxfire           |       |     2 |    15 ||    17
       Inner Flame       |       |     1 |     5 ||     6
       Flame Wave        |       |       |     1 ||     1
  Use: Potion            |     2 |     1 |     2 ||     5
Armor: Skin              |       |       |     1 ||     1
Dodge: Dodged            |     1 |    16 |    15 ||    32

Table legend: (Time is in decaauts)
 A = Elapsed time spent in this place.
 B = Non-inter-level travel time spent in this place.
 C = Inter-level travel time spent in this place.
 D = Time resting spent in this place.
 E = Time spent auto-exploring this place.
 F = Levels seen in this place.
 G = Mean time per level.
                   A        B        C        D        E       F      G
               +--------+--------+--------+--------+--------+-----+--------+
         Total |    557 |    557 |      0 |    411 |      0 |   1 |  557.0 |
       Dungeon |    557 |    557 |      0 |    411 |      0 |   1 |  557.0 |
               +--------+--------+--------+--------+--------+-----+--------+

Top non-repeatable levels by time:
       D: 557 daAuts
